 Dungeon Crawl Stone Soup version 0.29-a0-352-g0917bc69df (webtiles) character file.

Game seed: 15049490569048784577

166 Enlil the Sneak (level 5, -3/35 HPs)
             Began as a Vampire Enchanter on Apr 24, 2022.
             Slain by a phantom (7 damage)
             ... on level 4 of the Dungeon.
             The game lasted 00:12:52 (2826 turns).

Enlil the Sneak (Vampire Enchanter)                 Turns: 2826, Time: 00:12:52

Health: -3/35      AC:  3    Str:  9    XL:     5   Next: 22%
Magic:  1/9        EV: 12    Int: 18    God:
Gold:   146        SH:  0    Dex: 14    Spells: 6/9 levels left

rFire   . . .      SeeInvis +   a - +1 dagger (elec)
rCold   . . .      Faith    .   (no shield)
rNeg    . . .      Spirit   .   e - +0 leather armour
rPois   .          Reflect  .   (no helmet)
rElec   .          Harm     .   (no cloak)
rCorr   .          Rampage  .   (no gloves)
Will    .....                   (no boots)
Stlth   +++.......              c - amulet of regeneration
HPRegen 1.11/turn               (no ring)
MPRegen 0.11/turn               (no ring)

@: confusing by touch, about to teleport, healing quickly
A: alive, fangs 3, see invisible, vampiric 2
a: Exsanguinate


You were on level 4 of the Dungeon.
You visited 1 branch of the dungeon, and saw 4 of its levels.

You collected 146 gold pieces.

Inventory:

Hand Weapons
 a - a +1 dagger of electrocution (weapon)
Missiles
 g - 6 poisoned darts (quivered)
 k - 2 silver javelins
Armour
 b - a +0 robe
 e - a +0 leather armour (worn)
Jewellery
 c - an amulet of regeneration (around neck)
 d - an amulet of magic regeneration
Scrolls
 h - a scroll of noise
 n - a scroll of identify
Potions
 f - a potion of degeneration {unknown}
 i - a potion of cancellation {unknown}
 l - a potion of heal wounds {unknown}
 m - a potion of attraction {unknown}


   Skills:
 + Level 2.5 Short Blades
 + Level 0.2 Armour
 + Level 3.3 Dodging
 + Level 5.6 Stealth
 + Level 2.8 Spellcasting
 + Level 5.5 Hexes


You had 6 spell levels left.
You knew the following spells:

 Your Spells              Type           Power      Damage    Failure   Level
a - Confusing Touch       Hex            22%        N/A       8%          3

Your spell library contained the following spells:

 Spells                   Type           Power      Damage    Failure   Level
 Tukima's Dance           Hex            22%        N/A       8%          3
 Ensorcelled Hibernation  Hex/Ice        24%        N/A       12%         2
 Dazzling Flash           Conj/Hex       24%        N/A       22%         3
 Corpse Rot               Necr/Air       4%         N/A       34%         2
 Poisonous Vapours        Pois/Air       4%         N/A       34%         2


Dungeon Overview and Level Annotations

Branches:
Dungeon (4/15)
 Temple: D:4-7

Altars:

Shops:
D:1 (   D:2 !


Innate Abilities, Weirdness & Mutations

Your natural rate of healing is accelerated.
You have razor-sharp teeth.
You have supernaturally acute eyesight. (SInv)
You are afflicted with vampirism and can become a bat while bloodless.


Message History

You feel sick. The kobold hits you with a +0 whip.
You hit the kobold.
The kobold is heavily wounded.
You feel sick. The kobold closely misses you.
Casting: Confusing Touch (dangerous; 8% risk of failure)
Confirm with . or Enter, or press ? or * to list all spells.
Your hands begin to glow red.
You feel sick. The phantom hits you. The kobold hits you but does no damage.
You barely miss the phantom.
You feel sick. The phantom misses you. The kobold hits you with a +0 whip.
You closely miss the phantom.
You feel sick.
Casting: Confusing Touch (dangerous; 8% risk of failure)
Confirm with . or Enter, or press ? or * to list all spells.
Your hands begin to glow brighter.
The ball python hisses angrily.
You feel sick. The phantom barely misses you. The hobgoblin misses you.
The kobold completely misses you.
You hit the phantom but do no damage.
You feel sick.
You are no longer poisoned.
The phantom closely misses you. The hobgoblin barely misses you.
The kobold hits you but does no damage.
You hit the phantom but do no damage. The hobgoblin hits you.
The phantom hits you. The kobold hits you but does no damage.
You hit the phantom but do no damage. The hobgoblin closely misses you.
The phantom hits you.
The phantom blinks!
You blink.
Found 12 gold pieces.
Found a stone staircase leading up.
You closely miss the phantom.
A jackal comes into view.
The phantom hits you.
* * * LOW HITPOINT WARNING * * *
Casting: Confusing Touch (dangerous; 8% risk of failure)
Confirm with . or Enter, or press ? or * to list all spells.
Your hands begin to glow brighter.
The jackal barks!
You hear a bark!
The phantom hits you.
* * * LOW HITPOINT WARNING * * *
Okay, then.
As you read the scroll of teleportation, it crumbles to dust.
You feel strangely unstable. The phantom hits you!
You die...

#..........# .....
.............### .....
.....h......<..#
.....##..............
......#............#
..................###..
.......................
#..K.g.KS...@.......
#.g§......W........
#..#.)#.......$.....
.... ###............#.
##.. .............# #.
............... #
#..............
.......###..##. ....


You could see a phantom, a jackal, a hobgoblin, a ball python and a kobold.

Vanquished Creatures
  A hound (D:3)
  Terence (D:3)
  Jessica (D:3)
  2 adders
  3 dart slugs
  5 orcs (D:3)
  4 bats
  5 endoplasms
  3 giant cockroaches
  2 goblins
  4 hobgoblins
  8 jackals
  2 quokkas
  4 ball pythons
  2 frilled lizards
  5 rats
52 creatures vanquished.

Notes
Turn   | Place    | Note
-------+----------+-------------------------------------------
     0 | D:1      | Enlil the Vampire Enchanter began the quest for the Orb.
     0 | D:1      | Reached XP level 1. HP: 13/13 MP: 3/3
    89 | D:1      | Found Jyotz's Weapon Emporium.
   293 | D:1      | Reached XP level 2. HP: 12/19 MP: 5/5
  1141 | D:2      | Gained mutation: You are afflicted with vampirism and can
                  | become a bat while bloodless. [Vampire growth]
  1141 | D:2      | Reached XP level 3. HP: 24/24 MP: 6/6
  1324 | D:2      | Reached skill level 5 in Stealth
  1330 | D:2      | Found Olamuuk's Distillery.
  1598 | D:2      | Found a faded altar of an unknown god.
  1880 | D:3      | Noticed Terence
  2091 | D:2      | Learned a level 3 spell: Confusing Touch
  2117 | D:3      | Killed Terence
  2118 | D:3      | Reached skill level 5 in Hexes
  2118 | D:3      | Reached XP level 4. HP: 5/30 MP: 2/7
  2588 | D:3      | Noticed Jessica
  2598 | D:3      | Killed Jessica
  2599 | D:3      | Reached XP level 5. HP: 32/35 MP: 9/9
  2805 | D:4      | Noticed a phantom
  2826 | D:4      | Slain by a phantom

Illustrated notes

Levels and vault maps discovered:
D:1:      lemuel_arrival_tunnels, layout_basic, serial_shops, shop
D:2:      layout_loops_cross, ebering_ecumenical_altar_rust, serial_shops, shop
D:3:      layout_basic, minmay_pentangle, uniq_jessica, uniq_terence
D:4:      layout_cave_pools

Skill      XL: |  1  2  3 |
---------------+----------+-----
Stealth        | 5 |  5.6
Short Blades   | 2 |  2.5
Dodging        | 3 |  3.3
Hexes          | 5 |  5.5
Armour         | |  0.2
Spellcasting   | |  2.8

Action                   |  1- 3 |  4- 6 || total
-------------------------+-------+-------++-------
Melee: Dagger            |   146 |    68 ||   214
       Bite              |    20 |     5 ||    25
       Punch             |       |     1 ||     1
 Cast: Confusing Touch   |     2 |     4 ||     6
  Use: Potion            |     3 |       ||     3
       Scroll            |       |     4 ||     4
 Stab: Sleeping          |    13 |     4 ||    17
       Confused          |     2 |       ||     2
Armor: Robe              |    17 |       ||    17
       Leather armour    |    24 |    15 ||    39
Dodge: Dodged            |    85 |    36 ||   121

Table legend: (Time is in decaauts)
 A = Elapsed time spent in this place.
 B = Non-inter-level travel time spent in this place.
 C = Inter-level travel time spent in this place.
 D = Time resting spent in this place.
 E = Time spent auto-exploring this place.
 F = Levels seen in this place.
 G = Mean time per level.
                   A        B        C        D        E       F      G
               +--------+--------+--------+--------+--------+-----+--------+
         Total |   2805 |   2667 |    138 |    268 |   1547 |   4 |  701.2 |
       Dungeon |   2805 |   2667 |    138 |    268 |   1547 |   4 |  701.2 |
               +--------+--------+--------+--------+--------+-----+--------+

Top non-repeatable levels by time:
     D:3: 1074 daAuts
     D:1: 1036 daAuts
     D:2: 676 daAuts
     D:4: 19 daAuts
